3362 views
Uploaded 2020-05-25 12:24:19
Game version 1.32.4 / 1.32.5
30:00 long 2on2 ladder game on (4)TurtleRock
Saved by Redwood
3362 views
Uploaded 2020-05-25 12:24:19
Game version 1.32.4 / 1.32.5
30:00 long 2on2 ladder game on (4)TurtleRock


66 units @ 10.8k
/ 1.6k
34 buildings @ 4.9k
/ 2.2k
⇛
gurada18
(3)
(30:00) : 

| Scroll of Regeneration | 2 | 200 |
| Lesser Clarity Potion | 4 | 280 |
| Potion of Healing | 3 | 450 |
| Scroll of Healing | 1 | 250 |
| Scroll of Town Portal | 1 | 350 |
| Boots of Speed | 1 | 250 |
| Potion of Lesser Invulnerability | 2 | 300 |
| Scroll of Protection | 1 | 150 |
| total: | 15 | 2230g |
| Peasant | 12 | 900 | / | 0 |
| Footman | 7 | 945 | / | 0 |
| Spell Breaker | 9 | 1935 | / | 270 |
| Priest | 6 | 810 | / | 60 |
| Mortar Team | 1 | 180 | / | 70 |
| Sorceress | 1 | 155 | / | 20 |
| total: | 36 | 4925g | / | 420w |
| Scout Tower | 1 | 30 | / | 20 |
| Arcane Tower | 3 | 210 | / | 150 |
| Altar of Kings | 1 | 180 | / | 50 |
| Barracks | 1 | 160 | / | 60 |
| Farm | 9 | 720 | / | 180 |
| Arcane Vault | 1 | 130 | / | 30 |
| Town Hall | 2 | 770 | / | 410 |
| Blacksmith | 1 | 140 | / | 60 |
| Arcane Sanctum | 2 | 300 | / | 280 |
| Workshop | 2 | 280 | / | 280 |
| Keep | 2 | 640 | / | 420 |
| total: | 20 | 2710g | / | 1370w |
| 0:01 | Peasant |
| 0:02 | Peasant |
| 0:09 | Altar of Kings |
| 0:20 | Barracks |
| 0:24 | Peasant |
| 0:34 | Farm |
| 0:35 | Peasant |
| 0:49 | Peasant |
| 1:03 | Farm |
| 1:07 | Peasant |
| 1:21 | Footman |
| 1:27 | Scout Tower |
| 1:29 | Peasant |
| 1:43 | Farm |
| 1:44 | Footman |
| 1:53 | Peasant |
| 1:53 | Peasant |
| 2:06 | Peasant |
| 2:06 | Arcane Tower |
| 2:07 | Arcane Tower |
| 2:08 | Summon Water Elemental |
| 2:27 | Peasant |
| 2:27 | Peasant |
| 2:34 | Footman |
| 2:45 | Footman |
| 3:14 | Brilliance Aura |
| 3:31 | Footman |
| 3:50 | Boots of Speed |
| 4:03 | Keep |
| 4:16 | Footman |
| 4:29 | Arcane Vault |
| 5:10 | Footman |
| 5:34 | Scroll of Regeneration |
| 5:34 | Lesser Clarity Potion |
| 5:54 | Summon Water Elemental |
| 5:56 | Farm |
| 6:09 | Defend |
| 7:00 | Arcane Sanctum |
| 7:01 | Arcane Sanctum |
| 7:07 | Scroll of Regeneration |
| 7:09 | Lesser Clarity Potion |
| 7:36 | Potion of Lesser Invulnerability |
| 7:39 | Farm |
| 7:58 | Potion of Healing |
| 7:58 | Lesser Clarity Potion |
| 8:28 | Storm Bolt |
| 8:54 | Spell Breaker |
| 9:01 | Priest |
| 9:36 | Farm |
| 10:10 | Spell Breaker |
| 10:13 | Farm |
| 10:35 | Spell Breaker |
| 10:53 | Spell Breaker |
| 11:14 | Priest |
| 11:15 | Farm |
| 11:27 | Bash |
| 12:16 | Spell Breaker |
| 12:32 | Potion of Healing |
| 12:37 | Spell Breaker |
| 12:37 | Farm |
| 12:54 | Lesser Clarity Potion |
| 13:04 | Priest Adept Training |
| 13:49 | Brilliance Aura |
| 13:52 | Potion of Lesser Invulnerability |
| 14:01 | Scroll of Protection |
| 14:01 | Scroll of Healing |
| 14:49 | Town Hall |
| 15:48 | Blacksmith |
| 15:56 | Spell Breaker |
| 16:15 | Potion of Healing |
| 16:23 | Spell Breaker |
| 18:13 | Workshop |
| 18:13 | Workshop |
| 18:23 | Priest |
| 18:23 | Priest |
| 19:29 | Spell Breaker |
| 19:45 | Mortar Team |
| 20:12 | Scroll of Town Portal |
| 20:39 | Priest |
| 20:39 | Sorceress |
| 20:46 | Town Hall |
| 20:59 | Storm Bolt |
| 21:52 | Priest |
| 24:27 | Summon Water Elemental |
| 24:27 | Summon Water Elemental |
| Right click | 2640 |
| Select group | 1188 |
| Select | 989 |
| Misc. action | 267 |
| Assign group | 187 |
| Build/train/purchase | 178 |
| Use ability | 38 |
| Minimap ping | 7 |
| Resource trade | 6 |
| Item give/drop | 5 |
| Esc | 3 |



| Rod of Necromancy | 2 | 300 |
| Orb of Corruption | 1 | 375 |
| Potion of Mana | 1 | 200 |
| Dust of Appearance | 1 | 75 |
| Scroll of Town Portal | 4 | 1400 |
| Scroll of Healing | 1 | 250 |
| total: | 10 | 2600g |
| Acolyte | 9 | 675 | / | 0 |
| Ghoul | 4 | 480 | / | 0 |
| Crypt Fiend | 11 | 2365 | / | 440 |
| Frost Wyrm | 6 | 2310 | / | 720 |
| total: | 30 | 5830g | / | 1160w |
| Spirit Tower | 5 | 725 | / | 200 |
| Crypt | 1 | 200 | / | 50 |
| Graveyard | 1 | 215 | / | 0 |
| Altar of Darkness | 1 | 180 | / | 50 |
| Ziggurat | 8 | 1200 | / | 400 |
| Tomb of Relics | 1 | 130 | / | 30 |
| Sacrificial Pit | 1 | 75 | / | 150 |
| Boneyard | 1 | 175 | / | 200 |
| Halls of the Dead | 2 | 640 | / | 420 |
| Black Citadel | 1 | 325 | / | 230 |
| total: | 14 | 2175g | / | 880w |
| 0:04 | Acolyte |
| 0:08 | Crypt |
| 0:11 | Graveyard |
| 0:24 | Acolyte |
| 0:44 | Altar of Darkness |
| 0:59 | Ziggurat |
| 1:11 | Ghoul |
| 1:11 | Ghoul |
| 1:25 | Tomb of Relics |
| 1:52 | Crypt Fiend |
| 2:02 | Ziggurat |
| 2:24 | Crypt Fiend |
| 2:48 | Rod of Necromancy |
| 2:58 | Death Coil |
| 3:01 | Crypt Fiend |
| 3:30 | Halls of the Dead |
| 3:55 | Crypt Fiend |
| 4:01 | Unholy Aura |
| 4:39 | Crypt Fiend |
| 4:41 | Ziggurat |
| 4:59 | Crypt Fiend |
| 5:10 | Ghoul |
| 5:11 | Ghoul |
| 5:49 | Dust of Appearance |
| 6:10 | Acolyte |
| 6:19 | Frost Arrows |
| 6:31 | Sacrificial Pit |
| 6:43 | Ziggurat |
| 6:47 | Creature Attack |
| 7:18 | Crypt Fiend |
| 7:20 | Black Citadel |
| 7:31 | Rod of Necromancy |
| 8:15 | Improved Creature Attack |
| 8:16 | Ziggurat |
| 8:19 | Creature Carapace |
| 8:28 | Death Coil |
| 9:50 | Boneyard |
| 9:51 | Ziggurat |
| 9:57 | Forked Lightning |
| 10:38 | Advanced Creature Attack |
| 10:43 | Spirit Tower |
| 10:46 | Orb of Corruption |
| 11:05 | Frost Nova |
| 11:20 | Frost Wyrm |
| 11:22 | Burrow |
| 11:29 | Improved Creature Carapace |
| 11:29 | Acolyte |
| 12:27 | Frost Wyrm |
| 13:04 | Scroll of Town Portal |
| 13:04 | Scroll of Town Portal |
| 13:22 | Acolyte |
| 13:32 | Acolyte |
| 13:56 | Web |
| 14:21 | Scroll of Healing |
| 14:41 | Crypt Fiend |
| 14:46 | Acolyte |
| 14:58 | Forked Lightning |
| 15:03 | Acolyte |
| 15:33 | Unholy Aura |
| 15:42 | Dark Ritual |
| 16:05 | Crypt Fiend |
| 16:18 | Ziggurat |
| 16:49 | Scroll of Town Portal |
| 17:09 | Crypt Fiend |
| 17:09 | Crypt Fiend |
| 18:04 | Frost Wyrm |
| 19:12 | Frost Wyrm |
| 19:27 | Ziggurat |
| 20:19 | Spirit Tower |
| 20:59 | Spirit Tower |
| 21:00 | Frost Wyrm |
| 21:46 | Spirit Tower |
| 23:55 | Frost Nova |
| 24:06 | Death Coil |
| 24:08 | Death Pact |
| 25:37 | Frost Wyrm |
| 26:26 | Scroll of Town Portal |
| 28:00 | Potion of Mana |
| 29:07 | Acolyte |
| Select group | 2263 |
| Right click | 1432 |
| Select | 429 |
| Misc. action | 257 |
| Chat | 171 |
| Build/train/purchase | 115 |
| Assign group | 79 |
| Use ability | 70 |
| Minimap ping | 6 |
| Item give/drop | 3 |
| Esc | 3 |
| Remove unit | 1 |
97 units @ 13.2k
/ 1.8k
39 buildings @ 6k
/ 2.8k


| Potion of Healing | 1 | 150 |
| Scroll of Healing | 1 | 250 |
| Scroll of Town Portal | 1 | 350 |
| Boots of Speed | 1 | 250 |
| Potion of Lesser Invulnerability | 2 | 300 |
| Scroll of Protection | 1 | 150 |
| total: | 7 | 1450g |
| Wisp | 20 | 1200 | / | 0 |
| Archer | 4 | 520 | / | 40 |
| Dryad | 4 | 580 | / | 240 |
| Druid of the Claw | 10 | 2550 | / | 800 |
| Hippogryph | 12 | 1920 | / | 240 |
| total: | 50 | 6770g | / | 1320w |
| Ancient Protector | 1 | 135 | / | 80 |
| Altar of Elders | 1 | 180 | / | 50 |
| Moon Well | 5 | 900 | / | 200 |
| Ancient of War | 1 | 150 | / | 60 |
| Hunter's Hall | 1 | 210 | / | 100 |
| Tree of Life | 2 | 680 | / | 370 |
| Ancient of Lore | 2 | 310 | / | 290 |
| Ancient of Wind | 2 | 300 | / | 280 |
| Tree of Ages | 1 | 320 | / | 180 |
| Tree of Eternity | 1 | 330 | / | 200 |
| total: | 15 | 2865g | / | 1430w |
| 0:01 | Wisp |
| 0:05 | Altar of Elders |
| 0:17 | Moon Well |
| 0:20 | Ancient of War |
| 0:21 | Wisp |
| 0:21 | Wisp |
| 0:37 | Wisp |
| 0:37 | Wisp |
| 0:37 | Wisp |
| 0:42 | Wisp |
| 0:42 | Wisp |
| 0:42 | Wisp |
| 1:01 | Wisp |
| 1:10 | Wisp |
| 1:21 | Wisp |
| 1:22 | Archer |
| 1:36 | Wisp |
| 1:53 | Moon Well |
| 1:54 | Wisp |
| 2:27 | Mana Burn |
| 2:46 | Wisp |
| 3:00 | Evasion |
| 3:02 | Tree of Ages |
| 3:07 | Moon Well |
| 3:16 | Archer |
| 3:19 | Hunter's Hall |
| 4:02 | Boots of Speed |
| 4:42 | Archer |
| 4:44 | Ultravision |
| 4:45 | Moon Well |
| 5:05 | Archer |
| 5:53 | Breath of Fire |
| 6:10 | Tree of Eternity |
| 6:11 | Ancient of Lore |
| 6:40 | Ancient of Lore |
| 6:54 | Strength of the Wild |
| 7:28 | Druid of the Claw Adept Training |
| 7:54 | Dryad |
| 8:02 | Druid of the Claw |
| 8:36 | Druid of the Claw Master Training |
| 9:03 | Druid of the Claw |
| 9:04 | Wisp |
| 9:04 | Wisp |
| 9:23 | Mana Burn |
| 9:31 | Moon Well |
| 9:51 | Druid of the Claw |
| 10:06 | Wisp |
| 10:06 | Wisp |
| 10:30 | Drunken Haze |
| 10:39 | Druid of the Claw |
| 10:48 | Potion of Lesser Invulnerability |
| 10:53 | Scroll of Healing |
| 10:53 | Scroll of Protection |
| 11:00 | Ancient of Wind |
| 11:01 | Wisp |
| 12:05 | Druid of the Claw |
| 12:36 | Hippogryph |
| 12:36 | Hippogryph |
| 12:53 | Ancient of Wind |
| 12:54 | Improved Strength of the Wild |
| 12:56 | Reinforced Hides |
| 13:31 | Hippogryph |
| 13:45 | Potion of Healing |
| 14:07 | Ancient Protector |
| 14:14 | Hippogryph |
| 14:25 | Breath of Fire |
| 14:28 | Hippogryph |
| 14:43 | Mark of the Claw |
| 15:36 | Hippogryph |
| 15:53 | Evasion |
| 15:56 | Druid of the Claw |
| 16:39 | Scroll of Town Portal |
| 16:43 | Potion of Lesser Invulnerability |
| 16:57 | Druid of the Claw |
| 16:57 | Druid of the Claw |
| 16:57 | Druid of the Claw |
| 17:03 | Abolish Magic |
| 17:35 | Nature's Blessing |
| 19:13 | Hippogryph |
| 19:17 | Drunken Haze |
| 19:34 | Improved Reinforced Hides |
| 19:57 | Hippogryph |
| 20:43 | Dryad |
| 21:01 | Druid of the Claw |
| 21:03 | Hippogryph |
| 21:03 | Hippogryph |
| 25:36 | Hippogryph |
| 25:55 | Dryad |
| 26:04 | Dryad |
| 26:09 | Hippogryph |
| 27:33 | Mana Burn |
| 27:41 | Breath of Fire |
| 28:57 | Tree of Life |
| 28:59 | Tree of Life |
| Right click | 3862 |
| Select group | 2317 |
| Select | 1906 |
| Misc. action | 270 |
| Build/train/purchase | 164 |
| Use ability | 162 |
| Assign group | 71 |
| Minimap ping | 27 |
| Chat | 21 |
| Resource trade | 17 |
| Item give/drop | 7 |
| Esc | 3 |
⇛
Onslaught
(29:59) : 

x1)
| Scroll of Regeneration | 1 | 100 |
| Lesser Clarity Potion | 1 | 70 |
| Scroll of Healing | 2 | 500 |
| Dust of Appearance | 1 | 75 |
| Scroll of Town Portal | 1 | 350 |
| Potion of Lesser Invulnerability | 3 | 450 |
| Tome of Retraining | 1 | 300 |
| total: | 10 | 1845g |
| Peasant | 17 | 1275 | / | 0 |
| Footman | 9 | 1215 | / | 0 |
| Priest | 6 | 810 | / | 60 |
| Spell Breaker | 9 | 1935 | / | 270 |
| Dragonhawk Rider | 6 | 1200 | / | 180 |
| total: | 47 | 6435g | / | 510w |
| Scout Tower | 1 | 30 | / | 20 |
| Arcane Tower | 3 | 210 | / | 150 |
| Farm | 11 | 880 | / | 220 |
| Altar of Kings | 1 | 180 | / | 50 |
| Barracks | 1 | 160 | / | 60 |
| Arcane Vault | 3 | 390 | / | 90 |
| Town Hall | 2 | 770 | / | 410 |
| Lumber Mill | 1 | 120 | / | 0 |
| Blacksmith | 1 | 140 | / | 60 |
| Arcane Sanctum | 2 | 300 | / | 280 |
| Gryphon Aviary | 1 | 140 | / | 150 |
| Keep | 2 | 640 | / | 420 |
| Castle | 1 | 360 | / | 210 |
| total: | 24 | 3110g | / | 1340w |
| 0:01 | Peasant |
| 0:01 | Peasant |
| 0:03 | Farm |
| 0:04 | Altar of Kings |
| 0:18 | Barracks |
| 0:31 | Peasant |
| 0:34 | Farm |
| 0:44 | Peasant |
| 0:55 | Farm |
| 1:01 | Peasant |
| 1:13 | Peasant |
| 1:19 | Footman |
| 1:21 | Peasant |
| 1:34 | Scout Tower |
| 1:38 | Footman |
| 1:39 | Footman |
| 1:39 | Footman |
| 1:51 | Farm |
| 1:53 | Peasant |
| 1:53 | Peasant |
| 1:53 | Peasant |
| 2:01 | Arcane Tower |
| 2:01 | Arcane Tower |
| 2:06 | Summon Water Elemental |
| 2:21 | Footman |
| 2:44 | Footman |
| 2:44 | Peasant |
| 3:01 | Farm |
| 3:03 | Brilliance Aura |
| 3:28 | Keep |
| 3:29 | Keep |
| 3:48 | Footman |
| 3:49 | Arcane Vault |
| 4:20 | Footman |
| 4:32 | Farm |
| 4:33 | Farm |
| 5:03 | Footman |
| 5:52 | Scroll of Regeneration |
| 5:52 | Lesser Clarity Potion |
| 6:07 | Arcane Sanctum |
| 6:08 | Arcane Sanctum |
| 6:48 | Storm Bolt |
| 7:03 | Priest |
| 7:03 | Spell Breaker |
| 7:08 | Sorceress Adept Training |
| 7:10 | Farm |
| 7:25 | Spell Breaker |
| 7:27 | Priest |
| 7:28 | Farm |
| 7:56 | Spell Breaker |
| 8:42 | Spell Breaker |
| 8:53 | Priest Adept Training |
| 8:57 | Summon Water Elemental |
| 9:11 | Spell Breaker |
| 9:12 | Priest |
| 9:44 | Town Hall |
| 10:07 | Priest |
| 10:32 | Spell Breaker |
| 10:45 | Peasant |
| 10:49 | Bash |
| 11:07 | Lumber Mill |
| 11:27 | Potion of Lesser Invulnerability |
| 11:28 | Scroll of Healing |
| 11:28 | Dust of Appearance |
| 11:55 | Spell Breaker |
| 12:15 | Spell Breaker |
| 12:16 | Priest |
| 12:46 | Gryphon Aviary |
| 12:50 | Farm |
| 13:22 | Priest |
| 13:23 | Dragonhawk Rider |
| 13:23 | Dragonhawk Rider |
| 13:32 | Dragonhawk Rider |
| 13:48 | Control Magic |
| 13:51 | Farm |
| 14:17 | Storm Bolt |
| 14:26 | Dragonhawk Rider |
| 14:32 | Blacksmith |
| 14:37 | Improved Lumber Harvesting |
| 14:50 | Arcane Vault |
| 15:26 | Arcane Vault |
| 15:53 | Peasant |
| 15:58 | Iron Forged Swords |
| 16:06 | Scroll of Town Portal |
| 16:07 | Scroll of Healing |
| 16:08 | Potion of Lesser Invulnerability |
| 16:21 | Peasant |
| 17:29 | Brilliance Aura |
| 17:52 | Spell Breaker |
| 17:56 | Peasant |
| 17:56 | Peasant |
| 17:57 | Peasant |
| 18:10 | Steel Forged Swords |
| 18:11 | Mithril Forged Swords |
| 19:00 | Castle |
| 19:37 | Dragonhawk Rider |
| 19:37 | Dragonhawk Rider |
| 20:11 | Bash |
| 21:07 | Tome of Retraining |
| 21:07 | Retrain Hero |
| 21:08 | Potion of Lesser Invulnerability |
| 21:10 | Blizzard |
| 21:11 | Blizzard |
| 21:11 | Brilliance Aura |
| 21:11 | Brilliance Aura |
| 21:48 | Town Hall |
| 24:25 | Blizzard |
| 28:00 | Storm Bolt |
| Right click | 2473 |
| Select group | 1674 |
| Select | 968 |
| Misc. action | 163 |
| Build/train/purchase | 156 |
| Chat | 110 |
| Use ability | 83 |
| Assign group | 74 |
| Resource trade | 19 |
| Minimap ping | 18 |
| Item give/drop | 4 |
| Esc | 3 |